 Dungeon Crawl Stone Soup version 0.27-a0-1220-g54dba09ff7 (webtiles) character file.

Game seed: 8005342701085143134

101311 Delamore the Impaler (level 16, -16/132 HPs)
             Began as a Formicid Fighter on June 7, 2021.
             Was an Initiate of Gozag.
             Demolished by an ettin
             ... wielding a +0 dire flail
              (17 damage)
             ... on level 1 of the Orcish Mines.
             The game lasted 00:46:23 (25382 turns).

Delamore the Impaler (Formicid Fighter)            Turns: 25382, Time: 00:46:24

Health: -16/132    AC: 12    Str: 28    XL:     16   Next: 82%
Magic:  16/16      EV:  8    Int: 10    God:    Gozag
Gold:   1449       SH: 14    Dex: 10    Spells: 15/15 levels left

rFire    . . .     SeeInvis +   y - +2 glaive (flame)
rCold    + . .     Faith    .   c - +1 kite shield
rNeg     . . .     Spirit   .   L - +2 plate armour of Jukewnug {*Corrode Will++ Regen+ Str+2 Stlth-}
rPois    .         Reflect  .   (helmet unavailable)
rElec    .         Harm     .   f - +0 cloak
rCorr    .         Rampage  .   N - +2 pair of gloves {archery}
Will     ++++.                  (no boots)
Stlth    ..........             e - amulet of regeneration
HPRegen  2.32/turn              M - ring of protection from cold
MPRegen  0.15/turn              R - ring of willpower

@: corroded, gold aura, studying Polearms
A: permanent stasis, dig shafts and tunnels, antennae 3, four strong arms,
deformed body
a: Dig, Shaft Self, Renounce Religion, Potion Petition, Call Merchant, Bribe
Branch


You were on level 1 of the Orcish Mines.
You worshipped Gozag.
Gozag was most pleased with you.
You visited 4 branches of the dungeon, and saw 24 of its levels.
You visited the Abyss 1 time.
You also visited: Ossuary, Gauntlet, Ice Cave and Volcano.

You collected 8798 gold pieces.
You spent 2015 gold pieces at shops.
You paid 5334 gold pieces to Gozag.

Inventory:

Hand Weapons
 y - a +2 glaive of flaming (weapon)
 S - the +8 Vampire's Tooth {vamp}
   (You found it on level 4 of the Lair of Beasts)

   It inflicts no extra harm, but heals its wielder when it wounds a living foe.
Missiles
 j - 32 boomerangs (quivered)
 s - 25 poisoned darts
 t - 8 boomerangs of dispersal
 E - a curare-tipped dart
 K - 17 silver javelins
Armour
 c - a +1 kite shield (worn)
 f - a +0 cloak (worn)
 o - a +2 chain mail of fire resistance
 L - the +2 plate armour of Jukewnug (worn) {*Corrode Will++ Regen+ Str+2 Stlth-}
   (You found it on level 4 of the Lair of Beasts)

   It affects your strength (+2).
   It increases your rate of health regeneration.
   It may corrode you when you take damage.
   It greatly increases your willpower.
   It makes you less stealthy.
 N - a +2 pair of gloves of archery (worn)
Jewellery
 e - an amulet of regeneration (around neck)
 h - an amulet of magic regeneration
 B - a ring of poison resistance
 D - a +4 ring of evasion
 M - a ring of protection from cold (left hand)
 O - an amulet of reflection
 P - a ring of protection from fire
 R - a ring of willpower (right hand)
 U - a ring of positive energy
Wands
 a - a wand of polymorph (22)
 i - a wand of digging (7)
 q - a wand of acid (23)
 x - a wand of iceblast (42)
 F - a wand of mindburst (10)
 V - a wand of flame (44)
Scrolls
 g - 5 scrolls of amnesia
 v - a scroll of fear
 z - a scroll of brand weapon
 C - 2 scrolls of identify
 G - 2 scrolls of magic mapping
 H - 2 scrolls of immolation
 J - 3 scrolls of enchant armour
 Q - a scroll of summoning
 W - 2 scrolls of enchant weapon
 Z - 3 scrolls of fog
Potions
 b - 4 potions of resistance
 d - a potion of might
 k - 2 potions of mutation
 l - 3 potions of attraction
 m - 2 potions of flight
 r - a potion of invisibility
 u - 3 potions of brilliance
 w - 3 potions of ambrosia
 A - 8 potions of curing
 I - 3 potions of heal wounds
 X - a potion of lignification


   Skills:
 + Level 13.8 Fighting
 - Level 8.0 Short Blades
 - Level 15.6 Polearms
 - Level 10.0 Throwing
 - Level 10.0 Armour
 + Level 13.0 Shields
 - Level 10.0 Evocations


You had 15 spell levels left.
You didn't know any spells.
Your spell library contained the following spells:

 Spells                   Type           Power      Damage    Failure   Level
 Animate Skeleton         Necr           0%         N/A       97%         1
 Apportation              Tloc           0%         N/A       97%         1
 Corona                   Hex            0%         N/A       97%         1
 Freeze                   Ice            0%         1d3       97%         1
 Pain                     Necr           0%         1d4       97%         1
 Summon Small Mammal      Summ           0%         N/A       97%         1
 Ensorcelled Hibernation  Hex/Ice        0%         N/A       99%         2
 Passwall                 Tmut/Erth      0%         N/A       99%         2
 Poisonous Vapours        Pois/Air       0%         N/A       99%         2
 Sublimation of Blood     Necr           0%         N/A       99%         2
 Confusing Touch          Hex            0%         N/A       100%        3
 Conjure Flame            Conj/Fire      0%         6-21      100%        3
 Frozen Ramparts          Ice            0%         1d2       100%        3
 Gell's Gravitas          Tloc           0%         N/A       100%        3
 Lesser Beckoning         Tloc           0%         N/A       100%        3
 Mephitic Cloud           Conj/Pois/Air  0%         N/A       100%        3
 Ozocubu's Armour         Ice            0%         N/A       100%        3
 Teleport Other           Tloc           0%         N/A       100%        3
 Vampiric Draining        Necr           0%         2d6       100%        3
 Animate Armour           Summ/Erth      0%         N/A       100%        4
 Animate Dead             Necr           0%         N/A       100%        4
 Dispel Undead            Necr           0%         3d6       100%        4
 Hailstorm                Conj/Ice       0%         3d3       100%        4
 Passage of Golubria      Tloc           N/A        N/A       100%        4
 Petrify                  Tmut/Erth      0%         N/A       100%        4
 Agony                    Necr           0%         N/A       100%        5
 Borgnjor's Vile Clutch   Necr/Erth      0%         N/A       100%        5
 Excruciating Wounds      Necr           0%         N/A       100%        5
 Irradiate                Conj/Tmut      0%         3d13      100%        5
 Lee's Rapid Deconstruct  Erth           0%         3d5*      100%        5
 Manifold Assault         Tloc           0%         N/A       100%        5
 Metabolic Englaciation   Hex/Ice        0%         N/A       100%        5
 Silence                  Hex/Air        0%         N/A       100%        5
 Summon Forest            Summ/Tloc      0%         N/A       100%        5
 Summon Mana Viper        Hex/Summ       0%         N/A       100%        5
 Yara's Violent Unravell  Hex/Tmut       0%         3d3       100%        5
 Blade Hands              Tmut           0%         N/A       100%        6
 Death Channel            Necr           0%         N/A       100%        6
 Freezing Cloud           Conj/Ice/Air   0%         6-21      100%        6
 Invisibility             Hex            0%         N/A       100%        6
 Shadow Creatures         Summ           N/A        N/A       100%        6
 Simulacrum               Ice/Necr       0%         N/A       100%        6
 Statue Form              Tmut/Erth      0%         N/A       100%        6
 Dragon Form              Tmut           0%         N/A       100%        7
 Summon Hydra             Summ           0%         N/A       100%        7
 Blink                    Tloc           Unusable   N/A       N/A         2
 Swiftness                Air            Unusable   N/A       N/A         3

Dungeon Overview and Level Annotations

Branches:
Dungeon (15/15)            Temple (1/1) D:5            Lair (6/6) D:8
 Shoals (0/4) Lair:3       Spider (0/4) Lair:2        Slime (0/5) Lair:5
    Orc (2/2) D:12            Elf (0/3) Orc:2        Vaults (0/5) D:14
 Depths (0/5) D:15        Ossuary (visited)           IceCv (visited)
Volcano (visited)         Gauntlet (visited)

Altars:
Ashenzari
Gozag
Hepliaklqana
Kikubaaqudgha
Makhleb
Nemelex Xobeh
Okawaru
Qazlal
Trog
Uskayaw
Vehumet
Wu Jian
Yredelemnul
The Shining One
Beogh
Jiyva

Shops:
D:5 (   D:9 (   D:14 ?   Orc:2 *!([:   Lair:1 ?**

Annotations:
D:13 2 transporters, Boynwatz's ghost, journeyman TrFi
Lair:2 2 transporters, exclusion: oklob plant, Edduzul's ghost, journeyman GnAr
Orc:1 1 transporter


Innate Abilities, Weirdness & Mutations

You cannot be hasted, slowed, berserked, paralysed or teleported.
You can dig through walls and to a lower floor.
You have a pair of large antennae on your head. (SInv)
Your four strong arms can wield two-handed weapons with a shield.
Armour fits poorly on your strangely shaped body.


Message History

Your attack snaps the orc knight out of its fear.
The orc knight is almost dead.
Cornered, the orc knight turns to fight!
You hit the orc knight.
The orc knight is almost dead.
The ettin barely misses you. You block the ettin's attack.
You hit the orc knight but do no damage.
The orc knight is almost dead.
You hit the ettin.
You feel better.
The ettin is heavily wounded.
The orc becomes distracted by the nearby gold, dreaming of imaginary riches.
The orc shouts!
You hit the ettin but do no damage.
The ettin is heavily wounded.
The orc knight hits you with a +0 dire flail!!
The ettin hits you with a +0 dire flail!
Your corrosive artefact corrodes you!
You block the ettin's attack.
The orc priest becomes distracted by the nearby gold, dreaming of imaginary riches.
The orc priest shouts!
You hit the ettin.
You feel better.
The ettin is heavily wounded.
You hit the ettin but do no damage.
The ettin is heavily wounded.
You hit the ettin.
You feel better.
The ettin is severely wounded.
You block the orc knight's attack.
The ettin hits you with a +0 dire flail!!
The ettin hits you with a +0 dire flail!
* * * LOW HITPOINT WARNING * * *
You feel the dreadful sensation subside.
Your +2 glaive of flaming bursts into flame!
y - a +2 glaive of flaming (weapon)
The orc warrior no longer looks unusually strong.
You feel much better.
The orc warlord no longer looks unusually strong.
The orc knight hits you with a +0 dire flail!!!
* * * LOW HITPOINT WARNING * * *
The ettin hits you with a +0 dire flail!
You die...
Your body crumbles into a pile of gold.

.....#.###..................###
....#### #####.............## #
.....# ##########.........#######
....###....{.ooo##..........#.#..
....##...## ##...#...............
.....#....#.#$.o.#.[........#....
.....#.#o.....=#.#.).............
.###.#.##.8.8.##C#.[.............
....©#o#..._..?#@#©..............
.....#o##.8.8.##o#......#.......#
.....#.#......{#o#...............
.....#....#.#$.34#.#........#.#.#
.[..)#...## ##...#..........#####
.[...##......o..##...........#
......###########.#.....#...##
..[....# #............## .......#
##.............##


You could see an orc warlord (fleeing), 2 orc knights, an ettin, a soul eater
(summoned), an ice devil (summoned), an orc sorcerer (strong), an orc priest
(strong) and 2 orcs.

Vanquished Creatures
  Gastronok (Lair:1)
  Kirke (D:13)
  Azrael (D:14)
  A minotaur (Gauntlet)
  A red draconian (Volcano)
  Josephine (D:12)
  A fire dragon (D:14)
  A vault guard (D:14)
  4 boulder beetles
  2 ice dragons (IceCv)
  7 hydras
  3 centaur warriors (D:13)
  4 two-headed ogres
  3 tengu warriors
  10 death yaks
  Sonja (D:12)
  Urug (D:11)
  Nergalle (Lair:3)
  3 skeletal warriors (D:15)
  A wizard (D:15)
  A deep troll (shapeshifter) (D:15)
  A lindwurm (D:14)
  A deep elf zephyrmancer (D:15)
  4 oklob plants (Lair:4)
  4 orc knights
  3 deep elf pyromancers
  A necromancer (D:15)
  4 ugly things
  An orc sorcerer (Orc:1)
  8 cyclopes
  3 manticores
  A salamander (Volcano)
  3 merfolk sirens (Lair:3)
  18 elephants
  5 molten gargoyles (Volcano)
  A black mamba (shapeshifter) (D:14)
  5 black mambas
  A naga mage (D:15)
  Maurice (D:12)
  A gargoyle (Volcano)
  2 ice statues (IceCv)
  5 rime drakes
  A torpor snail (Gauntlet)
  An efreet (D:15)
  3 yaktaurs (D:15)
  10 cane toads
  5 tengu conjurers
  A freezing wraith (D:14)
  4 komodo dragons
  3 ice devils
  A hydra zombie (D:8)
  7 trolls
  5 polar bears
  12 blink frogs
  A merfolk (Lair:3)
  A dream sheep (Lair:6)
  5 hornets
  2 slime creatures (D:9)
  A boulder beetle zombie (D:6)
  10 spriggans (Lair:6)
  A vampire (D:12)
  5 wraiths
  3 wyverns
  A basilisk (shapeshifter) (D:15)
  5 fire elementals
  2 hogs (D:13)
  26 yaks
  7 basilisks
  3 chaos spawn (Gauntlet)
  Menkaure (D:7)
  7 vampire mosquitoes
  A neqoxec (Gauntlet)
  A steam dragon (D:4)
  2 acid dragons
  A warg (Orc:2)
  13 water moccasins
  2 two-headed ogre zombies
  30 orc warriors
  A meliai simulacrum (D:15)
  5 black bears
  2 sky beasts
  2 two-headed ogre skeletons
  16 ice beasts
  5 boggarts (Lair:6)
  4 necrophages
  2 ogres
  46 wolves
  4 phantoms
  19 centaurs
  A manticore skeleton (D:8)
  2 elf zombies (Ossuary)
  5 kobold brigands
  15 bullfrogs
  2 cyclops zombies
  A wyvern zombie (D:7)
  4 scorpions
  A small abomination (Orc:1)
  A cyclops skeleton (D:12)
  A wyvern skeleton (D:7)
  A water moccasin zombie (D:7)
  A water moccasin skeleton (D:7)
  5 killer bees (D:7)
  5 wights
  A yak skeleton (D:8)
  A troll skeleton (D:8)
  An electric eel (Lair:2)
  4 howler monkeys
  9 centaur zombies
  2 human zombies
  2 bullfrog zombies
  17 orc priests
  3 bullfrog skeletons
  5 centaur skeletons
  A gnoll shaman (D:5)
  4 hounds
  6 jellies
  Jessica (D:2)
  2 scorpion zombies
  3 iguanas
  10 orc wizards
  4 killer bee zombies
  An ogre zombie (Orc:1)
  A sky beast zombie (Ossuary)
  2 hound zombies
  4 hound skeletons
  3 mummies (Ossuary)
  A howler monkey zombie (D:7)
  Robin (D:2)
  3 howler monkey skeletons
  6 gnolls
  12 orc zombies
  5 adders
  An orc skeleton (D:8)
  6 white imps
  A howler monkey simulacrum (D:9)
  2 ufetubi (D:5)
  7 adder zombies (Ossuary)
  An iguana zombie (D:7)
  2 adder skeletons (D:4)
  A worm (D:5)
  A dart slug (D:4)
  67 orcs
  6 endoplasms
  2 giant cockroaches
  3 gnoll zombies (Ossuary)
  14 goblins
  10 hobgoblins
  3 jackals (D:1)
  24 kobolds
  3 quokkas
  3 ball pythons (D:4)
  4 bats
  A dart slug zombie (D:6)
  3 frilled lizards
  3 goblin zombies
  5 hobgoblin zombies
  6 jackal zombies
  A kobold zombie (D:7)
  5 quokka zombies
  4 rats
  3 rat zombies (Ossuary)
764 creatures vanquished.

Vanquished Creatures (others)
  3 humans (D:13)
  A howler monkey (D:13)
  9 fungi
  17 plants
30 creatures vanquished.

Grand Total: 794 creatures vanquished

Notes
Turn   | Place    | Note
-------+----------+-------------------------------------------
     0 | D:1      | Delamore the Formicid Fighter began the quest for the Orb.
     0 | D:1      | Reached XP level 1. HP: 18/18 MP: 1/1
   288 | D:1      | Reached XP level 2. HP: 24/24 MP: 2/2
   314 | D:1      | Found a faded altar of an unknown god.
   338 | D:1      | Became a worshipper of Kikubaaqudgha
   338 | D:1      | Reached * piety under Kikubaaqudgha
   338 | D:1      | Identified Kikubaaqudgha's Disquisition on Darkness
                  | (Kikubaaqudgha gifted it to you on level 1 of the Dungeon)
   338 | D:1      | Received a gift from Kikubaaqudgha
   962 | D:2      | Reached skill level 3 in Polearms
   962 | D:2      | Reached XP level 3. HP: 26/30 MP: 3/3
  1172 | D:2      | Noticed Jessica
  1181 | D:2      | Killed Jessica
  1182 | D:2      | Reached XP level 4. HP: 31/37 MP: 4/4
  1425 | D:2      | Noticed Robin
  1463 | D:2      | Killed Robin
  1463 | D:2      | Reached ** piety under Kikubaaqudgha
  1719 | D:2      | Reached skill level 4 in Polearms
  1877 | D:3      | Reached XP level 5. HP: 42/42 MP: 5/5
  2280 | D:3      | Reached XP level 6. HP: 31/46 MP: 6/6
  2351 | D:3      | Reached skill level 5 in Polearms
  2352 | D:3      | Reached skill level 5 in Fighting
  2464 | D:4      | Reached skill level 6 in Polearms
  2464 | D:4      | Reached XP level 7. HP: 55/56 MP: 7/7
  2661 | D:4      | Reached skill level 7 in Polearms
  2820 | D:4      | Noticed a steam dragon
  2830 | D:4      | Reached XP level 8. HP: 53/62 MP: 8/8
  2839 | D:4      | Reached skill level 8 in Polearms
  2883 | D:4      | Reached *** piety under Kikubaaqudgha
  2883 | D:4      | Identified Kikubaaqudgha's Collected Works on Sinister
                  | Rites (Kikubaaqudgha gifted it to you on level 4 of the
                  | Dungeon)
  2883 | D:4      | Received a gift from Kikubaaqudgha
  3027 | D:4      | Reached skill level 9 in Polearms
  3202 | D:5      | Entered Level 5 of the Dungeon
  3334 | D:5      | Found a staircase to the Ecumenical Temple.
  3362 | Temple   | Entered the Ecumenical Temple
  3377 | Temple   | Fell from the grace of Kikubaaqudgha
  3377 | Temple   | Became a worshipper of Gozag Ym Sagoz the Greedy
  3439 | D:5      | Found a broken altar of Ashenzari.
  3579 | D:5      | Reached skill level 10 in Polearms
  3579 | D:5      | Reached XP level 9. HP: 58/68 MP: 9/9
  3750 | D:5      | Found Bilio's Weapon Shop.
  3868 | D:5      | Found a hazy altar of Hepliaklqana.
  3951 | D:6      | Reached skill level 11 in Polearms
  5126 | D:7      | Reached skill level 12 in Polearms
  5244 | D:7      | Reached XP level 10. HP: 71/74 MP: 10/10
  5569 | D:7      | Reached skill level 1 in Throwing
  5766 | D:7      | Noticed Menkaure
  5773 | D:7      | Killed Menkaure
  5894 | D:7      | Reached skill level 13 in Polearms
  5894 | D:7      | Reached skill level 5 in Shields
  6230 | D:8      | Found a sand-covered staircase.
  6245 | Ossuary  | Entered an ossuary
  6866 | D:8      | Found a staircase to the Lair.
  6905 | D:8      | Found a stormy altar of Qazlal.
  7752 | D:9      | Reached XP level 11. HP: 79/79 MP: 11/11
  7802 | D:9      | Noticed a deep elf pyromancer
  7811 | D:9      | Killed a deep elf pyromancer
  7916 | D:9      | Reached skill level 14 in Polearms
  7995 | D:9      | Reached skill level 5 in Throwing
  8006 | D:9      | Found a bloodstained altar of Trog.
  8007 | D:9      | Found an ornate altar of the Wu Jian Council.
  8008 | D:9      | Found a burning altar of Makhleb.
  8332 | D:9      | Noticed a boulder beetle
  8349 | D:9      | Killed a boulder beetle
  8350 | D:9      | Reached skill level 1 in Evocations
  8446 | D:10     | Entered Level 10 of the Dungeon
  8985 | D:11     | Noticed a purple ugly thing
  9004 | D:11     | Killed a purple ugly thing
  9079 | D:11     | Noticed a two-headed ogre
  9085 | D:11     | Noticed a two-headed ogre
  9100 | D:11     | Killed a two-headed ogre
  9101 | D:11     | Reached skill level 5 in Armour
  9212 | D:11     | Killed a two-headed ogre
  9490 | D:11     | Noticed Urug
  9497 | D:11     | Killed Urug
  9498 | D:11     | Reached XP level 12. HP: 85/89 MP: 12/12
  9623 | D:12     | Noticed Sonja
  9710 | D:12     | Noticed Josephine
  9713 | D:12     | Noticed a two-headed ogre
  9720 | D:12     | Killed Josephine
  9721 | D:12     | Reached skill level 5 in Evocations
  9741 | D:12     | Killed a two-headed ogre
  9941 | D:12     | Noticed Maurice
  9979 | D:12     | Killed Maurice
 10053 | D:12     | Found a staircase to the Orcish Mines.
 10232 | D:12     | Killed Sonja
 10801 | Orc:1    | Entered Level 1 of the Orcish Mines
 10814 | Orc:1    | Found an iron altar of Okawaru.
 10992 | Orc:1    | Was forgiven by Kikubaaqudgha
 11043 | Orc:1    | Noticed a two-headed ogre
 11050 | Orc:1    | Noticed an orc warlord
 11058 | Orc:1    | Found a transporter.
 11058 | Orc:1    | Noticed an ettin
 11434 | Orc:1    | Found a transporter.
 11605 | Orc:2    | Entered Level 2 of the Orcish Mines
 11605 | Orc:2    | Found Fainagh's Book Shop.
 11669 | Orc:2    | Cast into level 1 of the Abyss (orc)
 11708 | Abyss:1  | Noticed a thrashing horror
 11719 | Orc:2    | Escaped the Abyss
 11846 | Orc:2    | Found a staircase to the Elven Halls.
 12032 | Orc:2    | Reached skill level 10 in Fighting
 12047 | Orc:2    | Reached XP level 13. HP: 67/103 MP: 13/13
 12254 | Orc:2    | Reached skill level 10 in Armour
 12607 | Orc:2    | Found Wueh's Distillery.
 12607 | Orc:2    | Found Obifitt's Antique Weapon Shop.
 12609 | Orc:2    | Found Hoteores's Armour Boutique.
 12611 | Orc:2    | Found Akhavvun's Assorted Antiques.
 12615 | Orc:2    | Bought 2 potions of heal wounds for 160 gold pieces
 12615 | Orc:2    | Bought 2 potions of heal wounds for 160 gold pieces
 12615 | Orc:2    | Bought a potion of curing for 48 gold pieces
 12618 | Orc:2    | Bought a +0 pair of gloves for 72 gold pieces
 12623 | Orc:2    | Bought a sapphire ring for 155 gold pieces
 12623 | Orc:2    | Bought a scroll labelled UBIWUU KUEHI for 31 gold pieces
 12623 | Orc:2    | Bought a glowing glaive for 294 gold pieces
 12781 | Lair:1   | Entered Level 1 of the Lair of Beasts
 12842 | Lair:1   | Bought a bubbling white potion for 29 gold pieces
 12946 | Lair:1   | Noticed Gastronok
 12961 | Lair:1   | Killed Gastronok
 12976 | Lair:1   | Identified the +3 rapier "Delamore's Bane" {flame, rF+}
 13892 | Lair:1   | Bought a scroll of identify for 32 gold pieces
 14045 | Lair:2   | Found a transporter.
 14060 | Lair:2   | Noticed a catoblepas
 14060 | Lair:2   | Noticed Edduzul's ghost (journeyman GnAr)
 14205 | Lair:2   | Noticed a seven-headed hydra
 14230 | Lair:2   | Killed a seven-headed hydra
 14280 | Lair:2   | Found a hole to the Spider Nest.
 14315 | Lair:2   | Found a transporter.
 14810 | Lair:3   | Found a dark tunnel.
 14815 | Volcano  | Entered a volcano
 14992 | Volcano  | Noticed an orb of fire
 15010 | Volcano  | Reached XP level 14. HP: 55/110 MP: 14/14
 15157 | Volcano  | Noticed a red draconian
 15181 | Volcano  | Killed a red draconian
 15182 | Volcano  | Noticed an orb of fire
 15195 | Volcano  | HP: 2/110 [molten gargoyle/bolt of magma (13)]
 15210 | Volcano  | Reached skill level 15 in Polearms
 15523 | Lair:3   | Noticed Nergalle
 15625 | Lair:3   | Killed Nergalle
 16102 | Lair:3   | Found a staircase to the Shoals.
 17280 | Lair:4   | Found the +8 Vampire's Tooth {vamp}
 17530 | Lair:4   | Reached skill level 10 in Evocations
 17566 | Lair:4   | Identified the +2 plate armour of Jukewnug {*Corrode Will++
                  | Regen+ Str+2 Stlth-}
 17735 | Lair:5   | Reached skill level 10 in Throwing
 17737 | Lair:5   | Reached skill level 1 in Short Blades
 18303 | Lair:5   | Found a staircase to the Slime Pits.
 18303 | Lair:5   | Found a viscous altar of Jiyva.
 18531 | Lair:6   | Entered Level 6 of the Lair of Beasts
 18571 | Lair:6   | Reached skill level 5 in Short Blades
 18571 | Lair:6   | Reached XP level 15. HP: 73/115 MP: 15/15
 20009 | Lair:6   | Identified the +11 fustibalus "Qomipere" {vorpal, rF+
                  | Dex+4}
 20634 | Lair:1   | Bought a scroll of fog for 20 gold pieces
 20634 | Lair:1   | Bought a scroll of magic mapping for 35 gold pieces
 20634 | Lair:1   | Bought a scroll of summoning for 95 gold pieces
 20634 | Lair:1   | Bought a scroll of enchant weapon for 75 gold pieces
 20634 | Lair:1   | Bought a scroll of identify for 20 gold pieces
 20634 | Lair:1   | Bought a scroll of enchant armour for 75 gold pieces
 20780 | D:13     | Found a gate leading to a gauntlet.
 20789 | Gauntlet | Entered a Gauntlet
 20789 | Gauntlet | Found a transporter.
 20789 | Gauntlet | Found a transporter.
 20789 | Gauntlet | Found a transporter.
 20791 | Gauntlet | Found a transporter.
 20792 | Gauntlet | Found a transporter.
 20795 | Gauntlet | Found a transporter.
 20801 | Gauntlet | Found a transporter.
 20806 | Gauntlet | Found a transporter.
 20807 | Gauntlet | Found a transporter.
 20809 | Gauntlet | Found a transporter.
 20817 | Gauntlet | Found a transporter.
 20822 | Gauntlet | Found a transporter.
 20910 | Gauntlet | Gained mutation: Armour fits poorly on your strangely
                  | shaped body. [a neqoxec]
 21192 | Gauntlet | Identified the +9 broad axe "Golifete" {flame, Str+3 Int+6}
 21234 | Gauntlet | Identified the +1 hat of Old and Reckless {Regen+}
 21255 | D:13     | Found a frozen archway.
 21266 | IceCv    | Entered an ice cave
 21361 | IceCv    | Reached skill level 10 in Shields
 21907 | D:13     | Reached XP level 16. HP: 127/127 MP: 16/16
 21958 | D:13     | Noticed Kirke
 22022 | D:13     | Killed Kirke
 22179 | D:13     | Found a sparkling altar of Nemelex Xobeh.
 22413 | D:13     | Found a transporter.
 22413 | D:13     | Noticed Boynwatz's ghost (journeyman TrFi)
 22434 | D:13     | Found a transporter.
 22668 | D:14     | Noticed Azrael
 22790 | D:14     | Killed Azrael
 22893 | D:14     | You fall into a shaft and drop 1 floor!
 22893 | D:15     | Entered Level 15 of the Dungeon
 23251 | D:15     | Found a hide-covered altar of Uskayaw.
 23585 | D:15     | Found a staircase to the Depths.
 24175 | D:14     | Found a gate to the Vaults.
 24719 | D:14     | Bought a scroll of acquirement for 624 gold pieces
 24719 | D:14     | Bought a scroll of fog for 24 gold pieces
 24719 | D:14     | Bought a scroll of fear for 42 gold pieces
 24719 | D:14     | Bought a scroll of fog for 24 gold pieces
 24719 | D:14     | Acquired a manual of Polearms
 25382 | Orc:1    | HP: 1/132 [orc knight/+0 dire flail (48)]
 25382 | Orc:1    | Demolished by an ettin

Illustrated notes

Levels and vault maps discovered:
D:1:      dpeg_arrival_leaves_temple_mockup, layout_loops_ring,
          ebering_ecumenical_altar_sacrificial,
          wander_ebering_terrifying_dragon_lair
D:2:      layout_loops_corners, uniq_jessica, uniq_robin
D:3:      layout_rooms
D:4:      cheibrodos_barr_body, layout_loops_ring, nrook_loot_triangle
D:5:      layout_rooms, lemuel_round_altar, nicolae_hepliaklqana_hippocampus,
          minmay_temple_entry_large_hall, serial_shops, nicolae_shop_trees,
          kennysheep_generic_room_9
D:6:      layout_basic
D:7:      minmay_octagon_keep, layout_basic, uniq_menkaure
D:8:      layout_cave_pods, nicolae_qazlal_eye_of_the_storm, lair_entry_dummy,
          enter_ossuary_4, serial_column_ruins, column_ruins_hut,
          column_ruins_columns_straight, column_ruins_open_small,
          column_ruins_corridor_plus, column_ruins_grid_3,
          column_ruins_open_small, column_ruins_open_small, centaur_isle
D:9:      layout_basic, gammafunk_temple_overflow_forgotten,
          minmay_shattered_shrine
D:10:     layout_gridville
D:11:     layout_roguey, uniq_urug
D:12:     layout_basic, david_orc_3, uniq_sonja, uniq_maurice, uniq_josephine
D:13:     layout_loops_ring, gammafunk_ghost_mausoleum,
          portal_ice_cave_demonic_guard, gauntlet_entry_generic,
          nemelex_diamond_rough_becter, uniq_kirke
D:14:     layout_irregular_city, david_vaults_4,
          minmay_staircase_windowed_small, uniq_azrael
D:15:     grunt_enter_depths_magical_seal, layout_cave_pods,
          nicolae_uskayaw_en_pointe
Temple:   eino_temple_rhombus
Lair:1:   layout_regular_city, serial_bayou_pond_d, grunt_megastairs_5,
          uniq_gastronok
Lair:2:   layout_long_grid, spider_nest_entry_web_field, nzn_ghost_randoct,
          serial_bayou, serial_bayou_pond_d, serial_bayou_shore_a,
          serial_bayou_crossing, serial_bayou_shore_b
Lair:3:   layout_layer_cave, elwin_shoals_entry_stream, enter_volcano_1,
          uniq_nergalle
Lair:4:   layout_misc_corridors, minmay_lair_oklob_chamber, lemuel_fruit_fields
Lair:5:   layout_misc_corridors, slime_altar_1, lemuel_fruit_tree
Lair:6:   minmay_lair_end_enchanted_forest, layout_cave_pods,
          minmay_stone_trees_small, serial_bayou_shore_b
Orc:1:    gammafunk_beogh_shrine, layout_caves, basic_altar,
          david_defended_altar_orc
Orc:2:    st_orc_rangers, layout_caves, serial_shops, shop_fountains,
          mines2_david

Skill      XL: |  1  2  3  4  5  6  7  8  9 10 11 12 13 14 15 16 |
---------------+-------------------------------------------------+-----
Polearms       | 3 4 6 7 10 12 13 14 15 | 15.6
Fighting       | 4 5 6 10 12 13 | 13.8
Throwing       | 4 6 8 10 | 10.0
Shields        | 6 7 10 13 | 13.0
Evocations     | 4 5 8 10 | 10.0
Armour         | 5 9 10 | 10.0
Short Blades   | 5 8 |  8.0

Action                   |  1- 3 |  4- 6 |  7- 9 | 10-12 | 13-15 | 16-18 || total
-------------------------+-------+-------+-------+-------+-------+-------++-------
Melee: Trident           |    80 |   151 |       |   887 |   532 |       ||  1650
       Hand axe          |       |    17 |   459 |   369 |       |       ||   845
       Quick blade       |       |       |       |       |  1493 |   901 ||  2394
       Glaive            |       |       |       |       |   251 |    42 ||   293
Throw: Boomerang         |     1 |     1 |     4 |    12 |    31 |       ||    49
       Dart              |       |       |     5 |    37 |    30 |       ||    72
Invok: Call Merchant     |       |       |       |     1 |     3 |     1 ||     5
       Potion Petition   |       |       |       |     1 |     3 |     1 ||     5
 Abil: Dig               |     1 |     1 |     2 |    14 |    23 |    10 ||    51
Evoke: Wand              |       |       |       |    13 |     2 |       ||    15
  Use: Scroll            |     4 |     2 |     4 |     9 |    12 |     3 ||    34
       Potion            |       |       |       |     2 |     6 |     1 ||     9
 Stab: Distracted        |       |       |       |     3 |     7 |     3 ||    13
       Paralysed         |       |       |       |    17 |       |       ||    17
Armor: Scale mail        |    28 |    37 |    92 |   198 |       |       ||   355
       Chain mail        |       |       |   105 |    48 |   241 |       ||   394
       Plate armour      |       |       |       |       |   306 |   164 ||   470
Dodge: Dodged            |    23 |    37 |   124 |   395 |   622 |    67 ||  1268
Block: Kite shield       |    44 |    78 |   227 |   563 |   947 |   251 ||  2110

Table legend: (Time is in decaauts)
 A = Elapsed time spent in this place.
 B = Non-inter-level travel time spent in this place.
 C = Inter-level travel time spent in this place.
 D = Time resting spent in this place.
 E = Time spent auto-exploring this place.
 F = Levels seen in this place.
 G = Mean time per level.
                   A        B        C        D        E       F      G
               +--------+--------+--------+--------+--------+-----+--------+
         Total |  23602 |  22180 |   1422 |   1036 |  14517 |  29 |  813.9 |
       Dungeon |  13392 |  12363 |   1029 |    490 |   8422 |  15 |  892.8 |
        Temple |     21 |      7 |     14 |      0 |      5 |   1 |   21.0 |
          Lair |   6548 |   6325 |    223 |    325 |   4543 |   6 | 1091.3 |
  Orcish Mines |   1793 |   1637 |    156 |      4 |    962 |   2 |  896.5 |
         Abyss |     49 |     49 |      0 |      0 |      0 |   1 |   49.0 |
       Ossuary |    420 |    420 |      0 |      0 |    174 |   1 |  420.0 |
      Ice Cave |    433 |    433 |      0 |     27 |    218 |   1 |  433.0 |
       Volcano |    655 |    655 |      0 |    190 |    193 |   1 |  655.0 |
      Gauntlet |    287 |    287 |      0 |      0 |      0 |   1 |  287.0 |
               +--------+--------+--------+--------+--------+-----+--------+

Top non-repeatable levels by time:
  Lair:6: 1599 daAuts
  Lair:3: 1448 daAuts
    D:12: 1271 daAuts
     D:7: 1239 daAuts
    D:15: 1104 daAuts
  Lair:1: 1060 daAuts
     D:8: 999 daAuts
     D:2: 998 daAuts
     D:6: 973 daAuts
   Orc:1: 935 daAuts
    D:14: 923 daAuts
  Lair:2: 892 daAuts
     D:9: 890 daAuts
     D:4: 883 daAuts
   Orc:2: 858 daAuts
